 Dungeon Crawl Stone Soup version 0.24-a0-584-g9d6b971ae4 (webtiles) character file.

Game seed: 15229308717465856135, levelgen mode: deterministic

18 BaffledPanda the Caller (level 2, -17/15 HPs)
             Began as a Deep Elf Summoner on Sept 4, 2019.
             Was an Initiate of Nemelex Xobeh.
             Demolished by an ice devil (19 damage)
             ... summoned by the player character
             ... on level 2 of the Dungeon.
             The game lasted 00:18:46 (1262 turns).

BaffledPanda the Caller (Deep Elf Summoner)         Turns: 1262, Time: 00:18:50

Health: -17/15     AC:  2    Str:  5    XL:     2   Next: 51%
Magic:  2/8        EV: 13    Int: 24    God:    Nemelex Xobeh [......]
Gold:   72         SH:  0    Dex: 15    Spells: 4/7 levels left

rFire    . . .     SeeInvis .   (no weapon)
rCold    . . .     Gourm    .   (no shield)
rNeg     . . .     Faith    .   n - +0 robe (curse)
rPois    .         Spirit   .   (no helmet)
rElec    .         Reflect  .   (no cloak)
rCorr    .         Harm     .   (no gloves)
MR       .....     Rnd*Tele +   (no boots)
Stlth    ++........             (no amulet)
HPRegen  0.05/turn              e - +5 ring of intelligence
MPRegen  0.11/turn              i - ring of teleportation (curse)

@: no status effects
A: no striking features
a: Draw Escape, Draw Destruction, Draw Summoning, Renounce Religion


You were on level 2 of the Dungeon.
You worshipped Nemelex Xobeh.
Nemelex Xobeh was noncommittal.
You were not hungry.

You visited 1 branch of the dungeon, and saw 2 of its levels.

You collected 72 gold pieces.

Inventory:

Hand Weapons
 h - a +0 short sword of venom
Missiles
 g - 8 poisoned darts (quivered)
Armour
 n - a cursed +0 robe (worn)
Jewellery
 e - a +5 ring of intelligence (left hand)
 i - a cursed ring of teleportation (right hand)
Scrolls
 a - 2 scrolls of fog
 k - 2 scrolls of noise
 m - 3 scrolls of identify {unknown}
 o - 2 scrolls of teleportation {unknown}
 q - a scroll of remove curse {unknown}
 s - a scroll of enchant armour {unknown}
Potions
 r - a potion of flight
Comestibles
 c - 3 rations


   Skills:
 + Level 2.6 Dodging
 + Level 2.4 Stealth
 + Level 3.1 Spellcasting
 + Level 5.1 Summonings


You had 4 spell levels left.
You knew the following spells:

 Your Spells              Type           Power        Failure   Level  Hunger
a - Summon Small Mammal   Summ           ####         1%          1    None
b - Call Imp              Summ           ####....     1%          2    ##.....

Your spell library contained the following spells:

 Spells                   Type           Power        Failure   Level  Hunger
 Call Canine Familiar     Summ           ####....     4%          3    ###....
 Magic Dart               Conj           #...         11%         1    None
 Summon Guardian Golem    Hex/Summ       ###.....     11%         3    ###....
 Blink                    Tloc           N/A          16%         2    ##.....
 Slow                     Hex            #.......     16%         2    ##.....
 Conjure Flame            Conj/Fire      #.......     32%         3    ###....
 Mephitic Cloud           Conj/Pois/Air  #.......     32%         3    ###....
 Summon Ice Beast         Ice/Summ       ###.....     36%         4    ####...
 Summon Lightning Spire   Summ/Air       ###.....     36%         4    ####...


Dungeon Overview and Level Annotations

Branches:
Dungeon (2/15)

Altars:
Gozag
Nemelex Xobeh


Message History

Your crimson imp blinks!
Your crimson imp blinks!
You feel strangely unstable.
You are suddenly yanked towards some nearby monsters!
Your surroundings suddenly seem different.
You draw a card...
You have drawn the Pentagram.
You draw a card...
You have drawn Foxfire.
Your hell hound closely misses the ice devil.
The bat misses you.
Really attack barehanded? [Y]es or [N]o only, please.
Really attack barehanded?
Okay, then.
The bat hits you but does no damage. The ice devil hits you!
Ouch! That really hurt!
* * * LOW HITPOINT WARNING * * *
The ice devil freezes you!!
Ouch! That really hurt!
You die...
Your body disappears without a glow.

##### ###########...##
#......r....#..#
#.#........###.#### ##
#....#####..#....[. b.
###4h...####....####.
#. #...@.......)####
#. #.
#.#bv....###....# #.
#.###########
#v......##.##.# #.
...§.w%....#
#.#......#.##......
#.#.######.#
#....>.....#######.
#§.#.## #w#
#..#.....#.# #.
#.###.## #.#
#.g##...##.# #. .#
##.###.# #..........#
#. #
#......##.##.###.###.#
#.


You could see an ice devil, a bat, a rat (sleeping), a friendly hell hound and 2
friendly insubstantial wisps.

Vanquished Creatures
  A kobold (D:1)
1 creature vanquished.

Vanquished Creatures (collateral kills)
  An adder (D:2)
  A worm (D:2)
  2 dart slugs
  A bat (D:2)
  3 giant cockroaches
  A goblin (D:1)
  2 hobgoblins
  A kobold (D:1)
  A frilled lizard (D:1)
  2 rats
15 creatures vanquished.

Grand Total: 16 creatures vanquished

Notes
Turn   | Place    | Note
-------+----------+-------------------------------------------
     0 | D:1      | BaffledPanda the Deep Elf Summoner began the quest for the
                  | Orb.
     0 | D:1      | Reached XP level 1. HP: 10/10 MP: 6/6
   786 | D:2      | Reached XP level 2. HP: 13/15 MP: 1/8
   876 | D:2      | Learned a level 2 spell: Call Imp
   987 | D:2      | Found an opulent altar of Gozag.
   987 | D:2      | Found a sparkling altar of Nemelex Xobeh.
  1005 | D:2      | Reached skill level 5 in Summonings
  1218 | D:2      | Became a worshipper of Nemelex Xobeh the Trickster
  1242 | D:2      | Received a gift from Nemelex Xobeh
  1260 | D:2      | Noticed an ice devil
  1262 | D:2      | Demolished by an ice devil

Levels and vault maps discovered:
D:1:      tarquinn_simple_flora_water_c, layout_rooms, minmay_crystal_water,
          chequers_hall_statues_y
D:2:      kennysheep_big_flooded_room, layout_loops_ring,
          grunt_temple_overflow_opulence

Skill      XL: |  1  2 |
---------------+-------+-----
Summonings     | 5 |  5.1
Dodging        | |  2.6
Stealth        | |  2.4
Spellcasting   | |  3.1

Action                   || total
-------------------------++-------
Melee: Unarmed           ||     6
Throw: Dart              ||     3
 Cast: Summon Small Mamm ||    19
       Call Imp          ||    14
 Abil: Draw Summoning    ||     2
  Use: Scroll            ||     2
       Potion            ||     6
  Eat: Chunk             ||     1
Armor: Robe              ||     5
Dodge: Dodged            ||    21

Table legend:
 A = Non-vault XP
 B = Vault XP
 C = Vault XP percentage of total XP
 D = Non-vault monster count
 E = Vault monster count
 F = Vault count percentage of total count
                 A         B        C        D         E       F
            +---------+---------+-------+---------+---------+-------
      Total |      27 |       0 |   0.0 |      16 |       0 |   0.0
            +---------+---------+-------+---------+---------+-------
        D:1 |      10 |       0 |   0.0 |       9 |       0 |   0.0
        D:2 |      17 |       0 |   0.0 |       7 |       0 |   0.0
            +---------+---------+-------+---------+---------+-------
